ITL
WABA DUCKS @ BLUEVILLE 83'S
08/24/2027
 
TOP OF THE 1ST
Waba Ducks batting - Pitching for Blueville 83's : RHP Cody White
Pitching: RHP Cody White
Batting: RHB Kelly Graham 0-0: Called Strike
0-1: Swinging Strike
0-2: Strikes out looking
Batting: RHB Pedro Molina 0-0: Called Strike
0-1: Swinging Strike
0-2: Foul Ball, location: 2F
0-2: Foul Ball, location: 2F
0-2: Ground out 1-3 (Groundball, P)
Batting: RHB Mario López 0-0: Ball
1-0: Called Strike
1-1: Ball
2-1: Ball
3-1: Base on Balls
Batting: RHB Chris Osborn 0-0: Ball
1-0: Called Strike
1-1: Ball
2-1: Ball
3-1: Foul Ball, location: 2F
3-2: Base on Balls
Mario López to second
Batting: RHB Paul Spencer 0-0: Called Strike
0-1: Ball
1-1: Foul Ball, location: 2F
1-2: Ball
2-2: Ball
3-2: Base on Balls
Mario López to third
Chris Osborn to second
Batting: RHB Jeremy Flemming 0-0: Swinging Strike
0-1: Foul Ball, location: 2F
0-2: Strikes out swinging
Top of the 1st over - 0 run(s), 0 hit(s), 0 error(s), 3 left on base; Waba 0 - Blueville 0
BOTTOM OF THE 1ST
Blueville 83's batting - Pitching for Waba Ducks : RHP Harvey Bradridge
Pitching: RHP Harvey Bradridge
Batting: SHB Caden Keith 0-0: Ball
1-0: Called Strike
1-1: Called Strike
1-2: Ground out 5-3 (Groundball, 5)
Batting: RHB Kuniaki Kawashima 0-0: Called Strike
0-1: Called Strike
0-2: Strikes out swinging
Batting: LHB Roberto Trujillo 0-0: Foul Ball, location: 2F
0-1: Foul Ball, location: 2F
0-2: Foul Ball, location: 2F
0-2: Foul Ball, location: 2F
0-2: SOLO HOME RUN (Flyball, 89XD), Distance : 409 ft
Batting: SHB Jack Fountain 0-0: Swinging Strike
0-1: Swinging Strike
0-2: Ball
1-2: Ball
2-2: Strikes out swinging
Bottom of the 1st over - 1 run(s), 1 hit(s), 0 error(s), 0 left on base; Waba 0 - Blueville 1
TOP OF THE 2ND
Waba Ducks batting - Pitching for Blueville 83's : RHP Cody White
Batting: RHB Ángelo García 0-0: Ball
1-0: SINGLE (Groundball, 4MD)
Batting: RHB Shaun Puckett 0-0: Ball
1-0: Ball
2-0: Swinging Strike
2-1: Called Strike
2-2: Grounds into double play, 6-4-3 (Groundball, 6)
Batting: RHB António Valdéz 0-0: Foul Ball, location: 2F
0-1: Ball
1-1: Called Strike
1-2: Strikes out swinging
Top of the 2nd over - 0 run(s), 1 hit(s), 0 error(s), 0 left on base; Waba 0 - Blueville 1
BOTTOM OF THE 2ND
Blueville 83's batting - Pitching for Waba Ducks : RHP Harvey Bradridge
Batting: RHB Barney Lawson 0-0: Ball
1-0: Ground out 6-3 (Groundball, 6)
Batting: LHB Ricardo Romero 0-0: Ball
1-0: Fly out, F8 (Flyball, 78XD)
Batting: LHB Ron Robinson 0-0: Foul Ball, location: 2F
0-1: Ball
1-1: Swinging Strike
1-2: Ball
2-2: Fly out, F8 (Flyball, 8LXD)
Bottom of the 2nd over - 0 run(s), 0 hit(s), 0 error(s), 0 left on base; Waba 0 - Blueville 1
TOP OF THE 3RD
Waba Ducks batting - Pitching for Blueville 83's : RHP Cody White
Batting: RHB Kelly Graham 0-0: Ball
1-0: Ground out 5-3 (Groundball, 56S)
Batting: RHB Pedro Molina 0-0: Swinging Strike
0-1: Ball
1-1: Ball
2-1: SINGLE (Groundball, 6MD)
Batting: RHB Mario López 0-0: Foul Ball, location: 2F
0-1: Fly out, F8 (Flyball, 8RXD)
Batting: RHB Chris Osborn 0-0: Ball
1-0: Foul Ball, location: 2F
1-1: Fly out, F8 (Line Drive, 89D)
Top of the 3rd over - 0 run(s), 1 hit(s), 0 error(s), 1 left on base; Waba 0 - Blueville 1
BOTTOM OF THE 3RD
Blueville 83's batting - Pitching for Waba Ducks : RHP Harvey Bradridge
Batting: LHB Vincente Sáenz 0-0: Foul Ball, location: 2F
0-1: Ball
1-1: Ball
2-1: SINGLE (Groundball, 34D)
Batting: RHB Daryl Floyd 0-0: Swinging Strike
0-1: Ball
1-1: Called Strike
1-2: Foul Ball, location: 2F
1-2: Grounds into double play, 6-4-3 (Groundball, 6)
Batting: SHB Caden Keith 0-0: Called Strike
0-1: Fly out, F7 (Flyball, 7S)
Bottom of the 3rd over - 0 run(s), 1 hit(s), 0 error(s), 0 left on base; Waba 0 - Blueville 1
TOP OF THE 4TH
Waba Ducks batting - Pitching for Blueville 83's : RHP Cody White
Batting: RHB Paul Spencer 0-0: Ground out 3-1 (Groundball, 34)
Batting: RHB Jeremy Flemming 0-0: Swinging Strike
0-1: Ball
1-1: Fly out, F9 (Flyball, 9)
Batting: RHB Ángelo García 0-0: Foul Ball, location: 2F
0-1: Ball
1-1: Ball
2-1: Called Strike
2-2: Strikes out looking
Top of the 4th over - 0 run(s), 0 hit(s), 0 error(s), 0 left on base; Waba 0 - Blueville 1
BOTTOM OF THE 4TH
Blueville 83's batting - Pitching for Waba Ducks : RHP Harvey Bradridge
Batting: RHB Kuniaki Kawashima 0-0: Fly out, F3 (Popup, 3)
Batting: LHB Roberto Trujillo 0-0: Foul Ball, location: 2F
0-1: Foul Ball, location: 2F
0-2: Foul Ball, location: 2F
0-2: SINGLE (Flyball, 8RS)
Batting: SHB Jack Fountain 0-0: Called Strike
0-1: Ball
1-1: Fly out, F7 (Flyball, 78M)
Batting: RHB Barney Lawson 0-0: Fielders Choice at 2nd, 6-4 (Groundball, 56)
Bottom of the 4th over - 0 run(s), 1 hit(s), 0 error(s), 0 left on base; Waba 0 - Blueville 1
TOP OF THE 5TH
Waba Ducks batting - Pitching for Blueville 83's : RHP Cody White
Batting: RHB Shaun Puckett 0-0: Called Strike
0-1: Foul Ball, location: 2F
0-2: Ground out 5-3 (Groundball, 5)
Batting: RHB António Valdéz 0-0: SINGLE (Flyball, 9S)
Batting: RHB Kelly Graham 0-0: Ball
1-0: Ball
2-0: Ball
3-0: Called Strike
3-1: Fly out, F7 (Flyball, 7D)
Batting: RHB Pedro Molina 0-0: Called Strike
0-1: Ground out 5-3 (Groundball, 5S)
Top of the 5th over - 0 run(s), 1 hit(s), 0 error(s), 1 left on base; Waba 0 - Blueville 1
BOTTOM OF THE 5TH
Blueville 83's batting - Pitching for Waba Ducks : RHP Harvey Bradridge
Batting: LHB Ricardo Romero 0-0: Called Strike
0-1: Ground out 6-3 (Groundball, 6)
Batting: LHB Ron Robinson 0-0: Ball
1-0: Ball
2-0: Ground out 4-3 (Groundball, 4)
Batting: LHB Vincente Sáenz 0-0: Ball
1-0: Ground out 4-3 (Groundball, 4)
Bottom of the 5th over - 0 run(s), 0 hit(s), 0 error(s), 0 left on base; Waba 0 - Blueville 1
TOP OF THE 6TH
Waba Ducks batting - Pitching for Blueville 83's : RHP Cody White
Batting: RHB Mario López 0-0: Ball
1-0: Foul Ball, location: 2F
1-1: Ball
2-1: Swinging Strike
2-2: Ball
3-2: Foul Ball, location: 2F
3-2: Base on Balls
Batting: RHB Chris Osborn 0-0: Called Strike
0-1: Swinging Strike
0-2: Ball
1-2: Strikes out swinging
Batting: RHB Paul Spencer 0-0: Ball
1-0: Ball
Mario López steals 2nd base
2-0: Called Strike
2-1: Ball
3-1: Ground out 6-3 (Groundball, 6)
Pitching: RHP Félix Rivera
Batting: RHB Jeremy Flemming 0-0: Swinging Strike
0-1: Ball
1-1: Swinging Strike
1-2: Foul Ball, location: 2F
1-2: Foul Ball, location: 2F
1-2: Ball
Wild Pitch!
Mario López to third
2-2: Foul Ball, location: 2F
2-2: Foul Ball, location: 2F
2-2: Strikes out swinging
Top of the 6th over - 0 run(s), 0 hit(s), 0 error(s), 1 left on base; Waba 0 - Blueville 1
BOTTOM OF THE 6TH
Blueville 83's batting - Pitching for Waba Ducks : RHP Harvey Bradridge
Batting: RHB Daryl Floyd 0-0: Swinging Strike
0-1: Called Strike
0-2: Strikes out swinging, 2-3 out at first.
Batting: SHB Caden Keith 0-0: Ball
1-0: Foul Ball, location: 2F
1-1: Ball
2-1: Foul Ball, location: 2F
2-2: Foul Ball, location: 2F
2-2: SOLO HOME RUN (Flyball, 78XD), Distance : 427 ft
Batting: RHB Kuniaki Kawashima 0-0: Ball
1-0: Foul Ball, location: 2F
1-1: Swinging Strike
1-2: Ball
2-2: Ball
3-2: Foul Ball, location: 2F
3-2: Ground out 5-3 (Groundball, 5L)
Batting: LHB Roberto Trujillo 0-0: Ball
1-0: Ball
2-0: DOUBLE (Line Drive, 7LM)
Batting: SHB Jack Fountain 0-0: Ball
1-0: Foul Ball, location: 2F
1-1: Foul Ball, location: 2F
1-2: SINGLE (Line Drive, 7S)
Roberto Trujillo to third
Batting: RHB Barney Lawson 0-0: Ball
1-0: Called Strike
1-1: Called Strike
1-2: Strikes out looking
Bottom of the 6th over - 1 run(s), 3 hit(s), 0 error(s), 2 left on base; Waba 0 - Blueville 2
TOP OF THE 7TH
Waba Ducks batting - Pitching for Blueville 83's : RHP Félix Rivera
Batting: RHB Ángelo García 0-0: Called Strike
0-1: Called Strike
0-2: Strikes out swinging
Batting: RHB Shaun Puckett 0-0: Ball
1-0: Ball
2-0: Foul Ball, location: 2F
2-1: Foul Ball, location: 2F
2-2: Ground out 3-1 (Groundball, 34)
Batting: RHB António Valdéz 0-0: Called Strike
0-1: Ball
1-1: Ball
2-1: Foul Ball, location: 2F
2-2: Fly out, F8 (Line Drive, 8RXD)
Top of the 7th over - 0 run(s), 0 hit(s), 0 error(s), 0 left on base; Waba 0 - Blueville 2
BOTTOM OF THE 7TH
Blueville 83's batting - Pitching for Waba Ducks : RHP Harvey Bradridge
Batting: LHB Ricardo Romero 0-0: Ball
1-0: Foul Ball, location: 2F
1-1: Foul Ball, location: 2F
1-2: Strikes out swinging
Batting: LHB Ron Robinson 0-0: Ball
1-0: Swinging Strike
1-1: Foul Ball, location: 2F
1-2: Hit by Pitch
Pitching: RHP Manny Benavides
Batting: LHB Vincente Sáenz 0-0: Ball
1-0: Foul Ball, location: 2F
1-1: Called Strike
1-2: Strikes out swinging
Batting: RHB Daryl Floyd 0-0: Called Strike
0-1: Ground out 6-3 (Groundball, 6S)
Bottom of the 7th over - 0 run(s), 0 hit(s), 0 error(s), 1 left on base; Waba 0 - Blueville 2
TOP OF THE 8TH
Waba Ducks batting - Pitching for Blueville 83's : RHP Félix Rivera
Batting: RHB Kelly Graham 0-0: Ball
1-0: Called Strike
1-1: Fly out, F7 (Flyball, 7LMF)
Batting: RHB Pedro Molina 0-0: Called Strike
0-1: Ball
1-1: Called Strike
1-2: Strikes out swinging
Pitching: LHP Pierre Dumont
Batting: RHB Mario López 0-0: Foul Ball, location: 2F
0-1: Foul Ball, location: 2F
0-2: Ball
1-2: Ball
2-2: Foul Ball, location: 2F
2-2: Fly out, F8 (Flyball, 78XD)
Top of the 8th over - 0 run(s), 0 hit(s), 0 error(s), 0 left on base; Waba 0 - Blueville 2
BOTTOM OF THE 8TH
Blueville 83's batting - Pitching for Waba Ducks : RHP Manny Benavides
Batting: SHB Caden Keith 0-0: Foul Ball, location: 2F
0-1: Ball
1-1: Ground out U3 (Groundball, 3L)
Batting: RHB Kuniaki Kawashima 0-0: Called Strike
0-1: Fly out, F4 (Popup, 4)
Batting: LHB Roberto Trujillo 0-0: Ball
1-0: Ball
2-0: Ball
3-0: Base on Balls
Batting: SHB Jack Fountain 0-0: Ball
Passed Ball!
Roberto Trujillo to second
1-0: Called Strike
1-1: Foul Ball, location: 2F
1-2: Ball
2-2: 2-RUN HOME RUN (Flyball, 8LXD), Distance : 442 ft
Batting: RHB Barney Lawson 0-0: Ball
1-0: Foul Ball, location: 2F
1-1: Called Strike
1-2: Foul Ball, location: 2F
1-2: Ball
2-2: Ground out U3 (Groundball, 34)
Bottom of the 8th over - 2 run(s), 1 hit(s), 0 error(s), 0 left on base; Waba 0 - Blueville 4
TOP OF THE 9TH
Waba Ducks batting - Pitching for Blueville 83's : LHP Pierre Dumont
Batting: RHB Chris Osborn 0-0: Swinging Strike
0-1: Called Strike
0-2: Ball
1-2: Ball
2-2: Foul Ball, location: 2F
2-2: Strikes out swinging
Batting: RHB Paul Spencer 0-0: Reached via error on a dropped throw, E3
Batting: RHB Jeremy Flemming 0-0: Single, Error in OF, E9, batter to second base
Paul Spencer to third
Pitching: RHP José Becerra
Batting: RHB Ángelo García 0-0: Called Strike
0-1: Foul Ball, location: 2F
0-2: Ball
1-2: Strikes out swinging
Pitching: RHP Ernesto Germán
Batting: RHB Shaun Puckett 0-0: Ball
1-0: Called Strike
1-1: Ball
2-1: Ground out 6-3 (Groundball, 6)
Top of the 9th over - 0 run(s), 1 hit(s), 2 error(s), 2 left on base; Waba 0 - Blueville 4
Thursday, March 30th, 2017 - OOTP Baseball 17.12 Build 75